 Dungeon Crawl Stone Soup version 0.27.1 (webtiles) character file.

Game seed: 13784017396409547223

45 Kala the Digger (level 3, -13/32 HPs)
             Began as a Troll Earth Elementalist on Aug 30, 2021.
             Was a Follower of Ru.
             Mangled by Jessica (16 damage)
             ... on level 2 of the Dungeon on Aug 31, 2021.
             The game lasted 00:12:41 (690 turns).

Kala the Digger (Troll Earth Elementalist)           Turns: 690, Time: 00:12:43

Health: -13/32     AC:  4    Str: 16    XL:     3   Next: 42%
Magic:  1/4        EV:  4    Int: 12    God:    Ru [*.....]
Gold:   11         SH:  0    Dex: 10    Spells: 3/4 levels left

rFire    . . .     SeeInvis .     - Unarmed
rCold    . . .     Faith    .   (no shield)
rNeg     . . .     Spirit   .   b - +0 robe
rPois    .         Reflect  .   (helmet restricted)
rElec    .         Harm     .   (no cloak)
rCorr    .         Rampage  .   (gloves unavailable)
Will     .....                  (boots unavailable)
Stlth    +.........             (no amulet)
HPRegen  1.10/turn              (no ring)
MPRegen  0.09/turn              (no ring)

@: very slightly contaminated
A: large, unfitting armour, claws 3, regeneration 1, shaggy fur 1, tough skin 1,
reduced EV 1
a: Renounce Religion


You were on level 2 of the Dungeon.
You worshipped Ru.
Ru was aware of your devotion.
You visited 1 branch of the dungeon, and saw 2 of its levels.

You collected 11 gold pieces.

Inventory:

Missiles
 c - 10 stones
Armour
 b - a +0 robe (worn)
Scrolls
 a - a scroll of magic mapping {unknown}
 e - a scroll of enchant armour
 f - a scroll of identify
Potions
 d - 2 potions of heal wounds {unknown}


   Skills:
 * Level 0.8 Fighting
 + Level 1.7 Dodging
 - Level 1.0 Stealth
 * Level 1.4 Unarmed Combat
 + Level 1.3 Spellcasting
 * Level 0.5 Necromancy
 + Level 0.6 Transmutations
 + Level 3.1 Earth Magic


You had 3 spell levels left.
You knew the following spells:

 Your Spells              Type           Power      Damage    Failure   Level
a - Sandblast             Erth           16%        2d6       8%          1

Your spell library contained the following spells:

 Spells                   Type           Power      Damage    Failure   Level
 Passwall                 Tmut/Erth      4%         N/A       21%         2
 Stone Arrow              Conj/Erth      8%         3d7       41%         3
 Petrify                  Tmut/Erth      5%         N/A       80%         4


Dungeon Overview and Level Annotations

Branches:
Dungeon (2/15)

Altars:
Ru

Annotations:
D:2 Jessica


Innate Abilities, Weirdness & Mutations

You are too large for most types of armour.
You have claws for hands.
Your natural rate of healing is unusually fast.
You are covered in fur. (AC +1)
You have tough skin. (AC +1)
You have somewhat slow reflexes. (EV -5)


Message History

You kill the endoplasm!
Magic restored.
You now have 11 gold pieces (gained 4).
Jessica the Apprentice Sorceress comes into view.
She is wielding a +0 dagger of electrocution.
Jessica shouts!
Jessica casts a spell.
Jessica seems to speed up.
Found a scroll labelled ROWYEP VAKLEAQ and a robe.
Aiming: Sandblast (safe; 8% risk of failure)
Press: ? - help, Q - select action, (/) - cycle Shift-Dir - straight line, f - you
Okay, then.
Jessica casts a spell at you. Pain shoots through your body!
Aiming: Sandblast (safe; 8% risk of failure)
Press: ? - help, Q - select action, (/) - cycle Shift-Dir - straight line, f - Jessica
Aim: Jessica, wielding a +0 dagger of electrocution and wearing a +0 robe (fast, 78% to hit)
The blast of sand hits Jessica.
Jessica is heavily wounded.
Aiming: Sandblast (safe; 8% risk of failure)
Press: ? - help, Q - select action, (/) - cycle Shift-Dir - straight line, f/p - Jessica
Aim: Jessica, wielding a +0 dagger of electrocution and wearing a +0 robe (moderately wounded, fast, 78% to hit)
The blast of sand hits Jessica.
Jessica is almost dead.
Jessica gestures wildly while chanting.
Jessica blinks!
Jessica hits you with a +0 dagger of electrocution.
You are electrocuted!!
Ouch! That really hurt!
* * * LOW HITPOINT WARNING * * *
Aiming: Sandblast (safe; 8% risk of failure)
Press: ? - help, Q - select action, (/) - cycle Shift-Dir - straight line, f/p - Jessica
Aim: Jessica, wielding a +0 dagger of electrocution and wearing a +0 robe (almost dead, fast, 78% to hit)
You miscast Sandblast.
You are very lightly contaminated with residual magic.
Nothing appears to happen.
Jessica hits you with a +0 dagger of electrocution.
* * * LOW HITPOINT WARNING * * *
You are electrocuted!
Ouch! That really hurt!
You die...

### #[. #.# #######
#.# #.....# ##.#
#.....###..#####.#
#........#@..?....
#.....###.@.ยง.....
#.....# #..#######
###.### #..# #.#
#..#######.# #.#
##........... #.#
##....######.#
#.###.....##
#.##...<..>#####.#
#..##............#


You could see Jessica (fast).

Vanquished Creatures
  A gnoll (D:1)
  2 dart slugs (D:1)
  3 endoplasms
  2 giant cockroaches (D:1)
  2 goblins (D:1)
  3 hobgoblins (D:1)
  6 ball pythons (D:1)
  3 bats (D:1)
  4 frilled lizards (D:1)
  A kobold (D:1)
  5 rats (D:1)
32 creatures vanquished.

Vanquished Creatures (others)
  A fungus (D:1)
1 creature vanquished.

Grand Total: 33 creatures vanquished

Notes
Turn   | Place    | Note
-------+----------+-------------------------------------------
     0 | D:1      | Kala the Troll Earth Elementalist began the quest for the
                  | Orb.
     0 | D:1      | Reached XP level 1. HP: 16/16 MP: 1/1
   137 | D:1      | Reached skill level 1 in Unarmed Combat
   193 | D:1      | Reached XP level 2. HP: 24/24 MP: 0/2
   213 | D:1      | Reached skill level 3 in Earth Magic
   277 | D:1      | Found a faded altar of an unknown god.
   288 | D:1      | Became a worshipper of Ru the Awakened
   303 | D:1      | Gained mutation: You have somewhat slow reflexes. (EV -5)
                  | [Ru sacrifice]
   303 | D:1      | Reached * piety under Ru
   370 | D:1      | Reached XP level 3. HP: 32/32 MP: 0/3
   685 | D:2      | Noticed Jessica
   690 | D:2      | Mangled by Jessica

Illustrated notes

Levels and vault maps discovered:
D:1:      lemuel_arrival_hallway, layout_rooms,
          shapermc_ecumenical_altar_mp_urbaneastern
D:2:      layout_loops_ring, uniq_crazy_yiuf_cottage, uniq_jessica

Skill      XL: |  1  2 |
---------------+-------+-----
Unarmed Combat | 1 |  1.4
Earth Magic    | 3 |  3.1
Fighting       | |  0.8
Dodging        | |  1.7
Stealth        | |  1.0
Spellcasting   | |  1.3
Necromancy     | |  0.5
Transmutations | |  0.6

Action                   || total
-------------------------++-------
Melee: Unarmed           ||    65
 Cast: Sandblast         ||    20
Invok: Sacrifice Health  ||     1
  Use: Scroll            ||     1
Armor: Robe              ||    25
Dodge: Dodged            ||    32
